 Dungeon Crawl Stone Soup version 0.22.1-2-g9c5b331383 (webtiles) character file.

339 Revguard the Shield-Bearer (level 6, -1/48 HPs)
             Began as a Formicid Fighter on Dec 8, 2018.
             Was a Believer of Uskayaw.
             Slain by a worm (7 damage)
             ... on level 4 of the Dungeon.
             The game lasted 00:10:36 (2936 turns).

Revguard the Shield-Bearer (Formicid Fighter)       Turns: 2936, Time: 00:10:37

Health: -1/48      AC:  8    Str: 19 (21) XL:     6   Next: 86%
Magic:  5/7        EV:  8    Int:  5 (7)  God:    Uskayaw [**....]
Gold:   192        SH:  9    Dex: 10 (12) Spells: 5/5 levels left

rFire    . . .     SeeInvis +   a - +0 war axe
rCold    . . .     Gourm    .   c - +0 shield
rNeg     . . .     Faith    .   b - +0 scale mail
rPois    .         Spirit   .   (helmet unavailable)
rElec    .         Reflect  .   (no cloak)
rCorr    .         Harm     .   l - +0 pair of gloves
MR       .....                  (no boots)
Stlth    ..........             (no amulet)
HPRegen  0.16/turn              (no ring)
MPRegen  0.10/turn              (no ring)

@: lethally poisoned (-1 -> -16)
A: permanent stasis, dig shafts and tunnels, four strong arms, antennae 3
a: Dig, Shaft Self, Stomp, Line Pass, Renounce Religion


You were on level 4 of the Dungeon.
You worshipped Uskayaw.
Uskayaw was noncommittal.
You were not hungry.

You visited 1 branch of the dungeon, and saw 4 of its levels.

You collected 192 gold pieces.

Inventory:

Hand Weapons
 a - a +0 war axe (weapon)
Armour
 b - a +0 scale mail (worn)
 c - a +0 shield (worn)
 l - a +0 pair of gloves (worn)
Jewellery
 g - an uncursed ring of see invisible
 p - an uncursed ring of protection from fire {unknown}
Scrolls
 e - a scroll of immolation {unknown}
 h - 5 scrolls of remove curse {unknown}
 j - 4 scrolls of fog {unknown}
 k - a scroll of amnesia {unknown}
 o - 2 scrolls of enchant weapon {unknown}
 q - 3 scrolls of identify {unknown}
 s - a scroll of blinking {unknown}
Potions
 d - a potion of might
 i - a potion of curing
 m - a potion of degeneration
 n - a potion of haste
 r - 2 potions of brilliance {unknown}
 t - a potion of flight {unknown}
Comestibles
 f - 10 rations


   Skills:
 + Level 4.1 Fighting
 + Level 4.4 Axes
 + Level 4.1 Armour
 - Level 0.1 Dodging
 + Level 5.2 Shields
 * Level 2.0 Invocations


You had 5 spell levels left.
You didn't know any spells.
Your spell library was empty.

Dungeon Overview and Level Annotations

Branches:
Dungeon (4/15)
 Temple: D:4-7

Altars:
Cheibriados
Ru
Uskayaw

Annotations:
D:4 Dowan, Duvessa


Innate Abilities, Weirdness & Mutations

You cannot be hasted, slowed, berserked, paralysed or teleported.
You can dig through walls and to a lower floor.
Your four strong arms can wield two-handed weapons with a shield.
You have a pair of large antennae on your head. (SInv)


Message History

You barely miss the worm. You closely miss Dowan.
You feel sick. You block Dowan's attack.
Duvessa says, "When magic and the sword combine, nothing stands against them."
Duvessa hits you with a rapier of venom!
* * * LOW HITPOINT WARNING * * *
You are lethally poisoned!
The worm bites you but does no damage.
It was a potion of degeneration.
There was something very wrong with that liquid.
You feel weakened.
You feel dopey.
You feel clumsy.
* * * LOW HITPOINT WARNING * * *
You feel sick. Dowan gestures at you while chanting.
The puff of frost hits you! You block Duvessa's attack.
It was a potion of haste.
Your stasis prevents you from being hasted.
* * * LOW HITPOINT WARNING * * *
You feel sick. Dowan hits you but does no damage. Duvessa closely misses you.
The worm bites you!
You die...

......$...........#.# #.
#..................#.#
#.##......$.(.........#..
........#........#.######
........##.....#.#.#
........##e....#.# #
.........#.....#.#
#.$.....#.....#.#
#.....w@er....#.#
........#e.....#.#
........#......#.########
........#......#.........
........#..(<..#.......##
.#......#..#####.......#
..########.# ##...#### #.
#.# #...# #. #...#####


You could see Duvessa, Dowan, a worm and a quokka.

Vanquished Creatures
  An ogre (D:4)
  A crimson imp (D:3)
  2 worker ants (D:4)
  An iguana (D:4)
  A hound skeleton (D:4)
  3 adders
  An ooze (D:2)
  3 worms
  2 dart slugs (D:2)
  3 leopard geckos
  An orc (D:3)
  A ball python (D:1)
  6 bats
  7 giant cockroaches
  6 goblins
  12 hobgoblins
  7 jackals (D:3)
  3 quokkas
  3 frilled lizards
  A jackal skeleton (D:4)
  8 kobolds
  13 rats
86 creatures vanquished.

Notes
Turn   | Place    | Note
-------+----------+-------------------------------------------
     0 | D:1      | Revguard the Formicid Fighter began the quest for the Orb.
     0 | D:1      | Reached XP level 1. HP: 18/18 MP: 1/1
   105 | D:1      | Reached XP level 2. HP: 20/24 MP: 2/2
   110 | D:1      | Reached skill level 4 in Shields
   265 | D:1      | Reached XP level 3. HP: 29/29 MP: 3/3
   953 | D:2      | Reached XP level 4. HP: 37/37 MP: 4/4
  1458 | D:2      | Found a snail-covered altar of Cheibriados.
  2053 | D:3      | Reached XP level 5. HP: 36/42 MP: 5/5
  2128 | D:3      | Found a sacrificial altar of Ru.
  2194 | D:3      | Found a faded altar of an unknown god.
  2215 | D:3      | Became a worshipper of Uskayaw the Reveler
  2215 | D:3      | Reached * piety under Uskayaw
  2321 | D:3      | Found a snail-covered altar of Cheibriados.
  2555 | D:3      | Reached ** piety under Uskayaw
  2695 | D:4      | Reached skill level 1 in Invocations
  2695 | D:4      | Reached XP level 6. HP: 47/48 MP: 6/6
  2733 | D:4      | Reached skill level 5 in Shields
  2795 | D:4      | Noticed an ogre
  2803 | D:4      | Killed an ogre
  2911 | D:4      | Noticed Dowan
  2912 | D:4      | Noticed Duvessa
  2936 | D:4      | Slain by a worm

Skill      XL: |  1  2  3  4  5  6 |
---------------+-------------------+-----
Shields        | 4 5 |  5.2
Axes           | 3 4 |  4.4
Armour         | 4 |  4.1
Invocations    | 1 2 |  2.0
Fighting       | 4 |  4.1
Dodging        | |  0.1

Action                   |  1- 3 |  4- 6 || total
-------------------------+-------+-------++-------
Melee: War axe           |   112 |   182 ||   294
Invok: Stomp             |       |     2 ||     2
  Use: Potion            |       |     3 ||     3
  Eat: Chunk             |       |     7 ||     7
Armor: Scale mail        |    61 |   109 ||   170
Dodge: Dodged            |    51 |    77 ||   128
Block: Shield            |    74 |   126 ||   200
